 Dungeon Crawl Stone Soup version 0.15.0-29-ga8e3430 (webtiles) character file.

2121 MDvedh the Spear-Bearer (level 9, -9/61 HPs)
             Began as a Merfolk Death Knight on Sept 12, 2014.
             Was a Believer of Yredelemnul.
             Killed by divine providence
             ... invoked by an orc priest
              (13 damage)
             ... on Level 7 of the Dungeon.
             The game lasted 00:17:48 (8386 turns).

MDvedh the Spear-Bearer (Merfolk Death Knight)      Turns: 8386, Time: 00:17:49

HP  -9/61        AC  7     Str 13      XL: 9   Next: 29%
MP  18/18        EV 13     Int 16      God: Yredelemnul [**....]
Gold 259         SH  0     Dex 20      Spells:  1 memorised,  5 levels left

rFire  . . .     SeeInvis .     a - +1 spear
rCold  + . .     Clarity  .     e - +2 ring mail {rC+}
rNeg   . . .     rCorr    .     (no shield)
rPois  .         rRot     .     (no helmet)
rElec  .         Spirit   .     (no cloak)
SustAb .         Warding  .     (no gloves)
rMut   .         Stasis   .     (no boots)
Gourm  .                        (no amulet)
MR     .....                    i - +6 ring of intelligence
                                n - +3 ring of dexterity

@: very slightly contaminated, not resistant to hostile enchantments, very
unstealthy
A: change form in water, swift swim
a: Animate Remains, Recall Undead Slaves, Injury Mirror, Renounce Religion


You were on level 7 of the Dungeon.
You worshipped Yredelemnul.
Yredelemnul was pleased with you.
You were not hungry.

You visited 1 branch of the dungeon, and saw 7 of its levels.

You collected 259 gold pieces.

Inventory:

Hand weapons
 a - a +1 spear (weapon)
 r - the +4 bardiche "Khuoqaiq" {drain, Str+3}
   (You acquired it on level 6 of the Dungeon)

   A truly terrible weapon, it drains the life of those it strikes.
   It affects your strength (+3).
Armour
 e - a +2 ring mail of cold resistance (worn)
Comestibles
 c - 3 bread rations
 j - 3 royal jellies
 q - a meat ration
Scrolls
 b - a scroll of blinking
 d - 2 scrolls of teleportation
 k - a scroll of amnesia
 p - a scroll of recharging
Jewellery
 i - a +6 ring of intelligence (right hand)
 n - a +3 ring of dexterity (left hand)
Potions
 f - a potion of brilliance {unknown}
 g - a potion of curing
 h - 2 potions of cure mutation {unknown}
 l - a potion of mutation {unknown}
 o - a potion of confusion {unknown}
 t - a potion of resistance {unknown}
Books
 m - a book of Battle

   Spells                             Type                      Level
   Infusion                           Charms                       1
   Shroud of Golubria                 Charms/Translocation         2
   Song of Slaying                    Charms                       2
   Spectral Weapon                    Hexes/Charms                 3
   *Regeneration                      Charms/Necromancy            3


   Skills:
 - Level 2.1 Fighting
 - Level 13.7 Polearms
 - Level 0.6 Armour
 + Level 6.2 Dodging
 + Level 6.1 Invocations


You had 5 spell levels left.
You knew the following spells:

 Your Spells              Type           Power        Failure   Level  Hunger
a - Regeneration          Chrm/Necr      #.........   90%         3    ####...


Dungeon Overview and Level Annotations

Branches:
Dungeon (7/15)
 Temple: D:4-7

Altars:
Qazlal
Vehumet

Shops:
D:5 *


Message History

You feel better.
The orc priest utters an invocation to Beogh.
You feel a wave of unholy energy pass over you.
Unknown command.
Something hits you but does no damage.
The orc priest mumbles some strange prayers to Beogh against you.
Something smites you!
* * * LOW HITPOINT WARNING * * *
Read which item? (? for menu, Esc to quit)
Blink to where?
Press: ? - help, Dir - move target cursor
As you read the scroll of blinking, it crumbles to dust.
You are very lightly contaminated with residual magic.
The puff of flame misses you. The puff of flame hits you!
* * * LOW HITPOINT WARNING * * *
The orc priest calls down the wrath of Beogh upon you.
Something smites you!
You die...
Your body rises from the dead as a mindless zombie.

######.##o#
#o.....##.$
#
#.#########
##.###.#
#......#
##.##..#
####..#
#....#
#.@.##
##..# #..#
#..# #..#
#..#
#<.####
#.....#
##.##.#


You could see an orc priest.

Vanquished Creatures
  Pikel (D:5)
  The ghost of teukkam the Ruffian, an average TrMo of Nemelex Xobeh (D:4)
  2 black bears
  A sky beast (D:6)
  An orc warrior (D:6)
  A centaur (D:5)
  2 slaves (D:5)
  An ogre (D:6)
  A scorpion (D:6)
  2 hounds
  A crimson imp (D:6)
  3 orc priests (D:6)
  A centaur skeleton (D:4)
  An iguana (D:4)
  5 orc wizards
  3 worker ants
  Ijyb (D:3)
  A dwarf skeleton (D:7)
  Terence (D:2)
  13 adders
  4 gnolls
  A shadow imp (D:7)
  A giant mite (D:6)
  An inept feature mimic (D:2)
  8 worms
  An iguana skeleton (D:5)
  An ooze (D:2)
  23 orcs
  3 ball pythons
  A bat zombie (D:5)
  7 giant cockroaches
  11 hobgoblins
  9 kobolds
  3 quokkas
  9 bats
  2 giant cockroach zombies (D:5)
  3 giant geckos
  7 giant newts
  6 goblins
  4 jackals (D:4)
  A kobold skeleton (D:6)
  An orc skeleton (D:4)
  13 rats
  A rat zombie (D:6)
164 creatures vanquished.

Vanquished Creatures (collateral kills)
  A phantom (D:4)
  An orc (D:5)
2 creatures vanquished.

Vanquished Creatures (others)
  An orc priest (D:5)
  A human zombie (D:5)
  An adder (D:5)
  An adder zombie (D:5)
  An orc zombie (D:6)
  A bat zombie (D:4)
  A kobold (D:5)
  A quokka (D:5)
  A bat (D:5)
  A quokka zombie (D:4)
10 creatures vanquished.

Grand Total: 176 creatures vanquished

Notes
Turn   | Place    | Note
--------------------------------------------------------------
     0 | D:1      | MDvedh, the Merfolk Death Knight, began the quest for the Orb.
     0 | D:1      | Reached XP level 1. HP: 16/16 MP: 2/2
   480 | D:1      | Reached skill level 4 in Polearms
   480 | D:1      | Reached XP level 2. HP: 20/22 MP: 3/3
   663 | D:1      | Reached XP level 3. HP: 22/27 MP: 5/5
   675 | D:1      | Reached skill level 5 in Polearms
   865 | D:1      | Acquired Yredelemnul's second power
  1144 | D:2      | Noticed Terence
  1169 | D:2      | Killed Terence
  1169 | D:2      | Reached skill level 6 in Polearms
  1169 | D:2      | Reached XP level 4. HP: 20/33 MP: 6/6
  1825 | D:2      | Reached skill level 7 in Polearms
  2091 | D:3      | Reached XP level 5. HP: 11/38 MP: 8/8
  2338 | D:3      | Noticed Ijyb
  2359 | D:3      | Killed Ijyb
  2847 | D:3      | Reached skill level 8 in Polearms
  3298 | D:4      | Reached XP level 6. HP: 42/44 MP: 9/9
  3324 | D:4      | Acquired Yredelemnul's third power
  3434 | D:4      | Reached skill level 9 in Polearms
  3955 | D:4      | Noticed a phantom
  3976 | D:4      | Killed a phantom
  3976 | D:4      | Reached skill level 10 in Polearms
  4177 | D:4      | Noticed teukkam's ghost (average TrMo)
  4196 | D:4      | Killed teukkam's ghost
  4196 | D:4      | Reached skill level 11 in Polearms
  4196 | D:4      | Reached XP level 7. HP: 7/50 MP: 11/11
  4562 | D:4      | Noticed a black bear
  4583 | D:4      | Killed a black bear
  4945 | D:4      | Found a stormy altar of Qazlal.
  4945 | D:4      | Found a radiant altar of Vehumet.
  5139 | D:5      | Entered Level 5 of the Dungeon
  5226 | D:5      | Found Ytyrrel's Serpentskin Sales.
  5347 | D:5      | Noticed Pikel
  5403 | D:5      | Killed Pikel
  5403 | D:5      | Reached skill level 13 in Polearms
  5403 | D:5      | Reached XP level 8. HP: 19/56 MP: 10/12
  6440 | D:6      | Learned a level 3 spell: Regeneration
  7076 | D:6      | Reached skill level 5 in Invocations
  7076 | D:6      | Reached XP level 9. HP: 51/61 MP: 15/17
  7168 | D:6      | Reached skill level 5 in Dodging
  7718 | D:6      | Identified a scroll of acquirement
  7719 | D:6      | Got a bloodstained bardiche
  7720 | D:6      | Identified the +4 bardiche "Khuoqaiq" {drain, Str+3} (You acquired it on level 6 of the Dungeon)
  8386 | D:7      | Killed from afar by an orc priest

Action                   |  1- 3 |  4- 6 |  7- 9 || total
-------------------------+-------+-------+-------++-------
Melee: Spear             |   130 |   396 |   458 ||   984
Invok: Animate Remains   |       |     2 |     3 ||     5
       Animate Dead      |       |     1 |     3 ||     4
       Injury Mirror     |       |     1 |     2 ||     3
  Use: Scroll            |       |     6 |     4 ||    10
       Potion            |       |       |     3 ||     3
 Stab: Distracted        |       |     1 |     1 ||     2
  Eat: Chunk             |     1 |     7 |     7 ||    15
       Meat ration       |       |     1 |       ||     1
       Bread ration      |       |       |     1 ||     1
